 Dungeon Crawl Stone Soup version 0.20.1-1-g8b1a95d (webtiles) character file.

142 Berahthraban the Conjurer (level 5, 0/37 HPs)
             Began as a Human Conjurer on Oct 11, 2017.
             Killed by divine providence
             ... invoked by an orc priest
              (16 damage)
             ... on level 3 of the Dungeon.
             The game lasted 00:15:03 (2591 turns).

Berahthraban the Conjurer (Human Conjurer)          Turns: 2591, Time: 00:15:04

Health: 0/37       AC:  5    Str:  8    XL:     5   Next: 50%
Magic:  5/8        EV: 13    Int: 17    God:
Gold:   67         SH:  0    Dex: 13    Spells: 5/8 levels left

rFire    . . .     SeeInvis .   q - +0 hunting sling
rCold    . . .     Gourm    .   (no shield)
rNeg     . . .     Faith    .   a - +0 robe
rPois    .         Spirit   .   f - +2 helmet
rElec    .         Reflect  .   (no cloak)
rCorr    .         Harm     .   (no gloves)
MR       .....                  (no boots)
Stlth    ++........             (no amulet)
Regen    0.2/turn               (no ring)
MPRegen  0.2/turn               (no ring)

@: no status effects
A: no striking features
a: no special abilities


You were on level 3 of the Dungeon.
You were not hungry.

You visited 1 branch of the dungeon, and saw 3 of its levels.

You collected 67 gold pieces.

Inventory:

Hand Weapons
 k - a +0 dagger
 m - a +2 vampiric dagger
 q - a +0 hunting sling (weapon)
Missiles
 r - 67 stones (quivered)
Armour
 a - a +0 robe (worn)
 f - a +2 helmet (worn)
 n - a +0 buckler
Scrolls
 d - 4 scrolls of identify {unknown}
 e - a scroll of random uselessness {unknown}
 h - 2 scrolls of teleportation {unknown}
 j - 3 scrolls of remove curse {unknown}
 l - 2 scrolls of amnesia {unknown}
Potions
 g - a potion of curing {unknown}
 i - a potion of haste {unknown}
 o - 3 potions of heal wounds {unknown}
Books
 b - a book of Conjurations

   Spells                             Type                      Level
   a - Magic Dart                     Conjuration                  1
   b - Searing Ray                    Conjuration                  2
   c - Dazzling Spray                 Conjuration/Hexes            3
   d - Fulminant Prism                Conjuration/Hexes            4
   e - Force Lance                    Conjuration/Translocation    4
   f - Iskenderun's Mystic Blast      Conjuration                  4
Comestibles
 c - a bread ration
 p - a royal jelly
 s - 2 chunks of flesh
 t - a meat ration


   Skills:
 + Level 1.6 Fighting
 * Level 3.7 Dodging
 - Level 2.0 Stealth
 - Level 2.0 Spellcasting
 * Level 5.1 Conjurations


You had 5 spell levels left.
You knew the following spells:

 Your Spells              Type           Power        Failure   Level  Hunger
a - Magic Dart            Conj           ###.         2%          1    #......
b - Searing Ray           Conj           ###...       3%          2    ###....


Dungeon Overview and Level Annotations

Branches:
Dungeon (3/15)

Altars:
Dithmenos
Fedhas
The Shining One

Annotations:
D:1 cleared
D:2 cleared


Message History

Firing (i - inventory):
r - 68 stones (quivered)
Press: ? - help, Shift-Dir - straight line, f/p - orc priest
Aim: an orc priest, wielding a hand axe You shoot a stone.
The stone barely misses the orc priest.
The orc priest calls down the wrath of Beogh upon you.
Beogh smites you!
Casting: Magic Dart
Confirm with . or Enter, or press ? or * to list all spells.
Aiming: Searing Ray
Press: ? - help, Shift-Dir - straight line, f/p - orc priest
Aim: an orc priest, wielding a hand axe The searing ray hits the orc priest.
The orc priest is heavily wounded. (Press . to maintain the ray.)
The orc shouts!
The searing ray hits the orc priest.
The orc priest is almost dead.
The orc priest calls down the wrath of Beogh upon you.
Beogh smites you!
You die...

####.####### #. ..........# ..
........(# .## .......(# ...
.......# . #.# ...o..### ### #
#.. #.[...... ..# ###
#.######.#########.# .. ###.
#......@...........## #
..<..#.######............# #
.##..#.#### #....o.......####
...........# #........o.<.....
...........# #................
...........# #................
#..........# #................
#..........###..............#.
#.......................#..###


You could see an orc priest and an orc.

Vanquished Creatures
  3 gnolls (D:2)
  4 adders (D:2)
  2 worms
  A leopard gecko (D:1)
  2 orcs
  A ball python (D:2)
  6 giant cockroaches
  10 goblins
  7 hobgoblins
  6 jackals (D:1)
  A quokka (D:2)
  9 bats
  2 frilled lizards (D:2)
  6 kobolds
  6 rats (D:1)
66 creatures vanquished.

Notes
Turn   | Place    | Note
-------+----------+-------------------------------------------
     0 | D:1      | Berahthraban the Human Conjurer began the quest for the Orb.
     0 | D:1      | Reached XP level 1. HP: 13/13 MP: 3/3
   144 | D:1      | Reached XP level 2. HP: 13/19 MP: 0/5
   217 | D:1      | Learned a level 2 spell: Searing Ray
   411 | D:1      | Reached XP level 3. HP: 14/25 MP: 2/6
   730 | D:1      | Reached skill level 1 in Fighting
  1258 | D:2      | Reached XP level 4. HP: 31/32 MP: 3/7
  1285 | D:2      | Found a glowing golden altar of the Shining One.
  1285 | D:2      | Found a shadowy altar of Dithmenos.
  1799 | D:2      | Reached XP level 5. HP: 37/37 MP: 5/8
  1858 | D:2      | Found a faded altar of an unknown god.
  1917 | D:2      | Reached skill level 5 in Conjurations
  2096 | D:2      | Found a blossoming altar of Fedhas.
  2591 | D:3      | Killed from afar by an orc priest

Skill      XL: |  1  2  3  4  5 |
---------------+----------------+-----
Fighting       | 1 |  1.6
Dodging        | 3 |  3.7
Conjurations   | 5 |  5.1
Stealth        | |  2.0
Spellcasting   | |  2.0

Action                   |  1- 3 |  4- 6 || total
-------------------------+-------+-------++-------
Melee: Club              |    44 |       ||    44
       Unarmed           |     5 |       ||     5
       Dagger            |    13 |    11 ||    24
 Fire: Hunting sling     |       |    40 ||    40
 Cast: Magic Dart        |    41 |    16 ||    57
       Searing Ray       |     9 |    15 ||    24
 Stab: Sleeping          |     2 |     3 ||     5
  Eat: Chunk             |     2 |     6 ||     8
Armor: Robe              |    16 |    11 ||    27
Dodge: Dodged            |    65 |    23 ||    88
